 Dungeon Crawl Stone Soup version 0.31-a0-1388-g4b2ba238e7 (webtiles) character file.

Game seed: 707365972050794354

12836 Loonster the Blocker (level 11, -1/84 HPs)
             Began as a Troll Shapeshifter on Dec 24, 2023.
             Was a Priest of Hepliaklqana.
             Slain by a yak (9 damage)
             ... on level 1 of the Lair of Beasts.
             The game lasted 00:14:20 (7061 turns).

Loonster the Blocker (Troll Shapeshifter)           Turns: 7061, Time: 00:14:20

Health: -1/84      AC:  8    Str: 28    XL:     11   Next: 67%
Magic:  10/10      EV:  9    Int:  6    God:    Hepliaklqana [***...]
Gold:   504        SH: 11    Dex:  9    Spells: 10/10 levels left

rFire   . .          .
                       - Unarmed
rCold   . . .        n - +0 kite shield
rNeg    . . .        a - +0 animal skin
rPois   +            (helmet currently unavailable)
rElec   .            (cloak currently unavailable)
rCorr   .            (gloves unavailable)
SInv    .            (boots unavailable)
Will    .....        x - amulet of regeneration
Stlth   +            s - ring of poison resistance
HPRegen 1.94/turn    w - +4 ring of protection
MPRegen 0.12/turn

%: no passive effects
@: beast-form, studying Armour
A: beast (slay +3), reduced essence, large, unfitting armour, claws 3,
regeneration 1, shaggy fur 1, tough skin 1
a: Begin Untransformation, Renounce Religion, Recall Ancestor, Ancestor
Identity, Transference


You were on level 1 of the Lair of Beasts.
You worshipped Hepliaklqana.
Hepliaklqana was most pleased with you.
You were a hulking beast.
You visited 2 branches of the dungeon, and saw 11 of its levels.
You also visited: Bailey.

You collected 504 gold pieces.

Inventory:

Missiles
 p - 2 throwing nets
 F - 5 large rocks
 K - a curare-tipped dart
Armour
 a - a +0 animal skin (worn)
 n - a +0 kite shield (worn)
Jewellery
 g - a ring of magical power
 s - a ring of poison resistance (left claw)
 u - a ring of flight
 w - a +4 ring of protection (right claw)
 x - an amulet of regeneration (around neck)
Talismans
 d - a flux talisman
 h - a beast talisman
Wands
 c - a wand of charming (6)
 o - a wand of flame (9)
 q - a wand of roots (5)
Scrolls
 e - a scroll of fear
 k - 6 scrolls of identify
 m - a scroll of blinking {unknown}
 t - a scroll of noise {unknown}
 v - 2 scrolls of fog {unknown}
 y - 2 scrolls of immolation {unknown}
 B - a scroll of teleportation {unknown}
 C - 4 scrolls of enchant weapon
 D - a scroll of revelation {unknown}
 J - a scroll of poison
Potions
 b - 4 potions of lignification
 f - 2 potions of brilliance {unknown}
 i - 4 potions of ambrosia {unknown}
 j - a potion of degeneration {unknown}
 l - a potion of cancellation {unknown}
 r - 2 potions of heal wounds {unknown}
 z - a potion of enlightenment {unknown}
 A - a potion of mutation {unknown}
 E - 3 potions of might {unknown}
 G - 2 potions of magic {unknown}
 H - a potion of curing {unknown}
 I - a potion of invisibility {unknown}


   Skills:
 + Level 2.5 Fighting
 + Level 3.9 Throwing
 - Level 1.5 Dodging
 - Level 12.0 Shields
 + Level 11.4 Unarmed Combat
 + Level 6.2 Shapeshifting


You had 10 spell levels left.
You didn't know any spells.
Your spell library contained the following spells:

 Spells                   Type           Power      Damage    Failure   Level
 Magic Dart               Conj           0%         1d3       58%         1
 Call Imp                 Summ           0%         N/A       75%         2
 Cigotuvi's Dreadful Rot  Necr/Alch/Air  0%         N/A       75%         2
 Searing Ray              Conj           0%         2d4       75%         2
 Sublimation of Blood     Necr           0%         N/A       75%         2
 Call Canine Familiar     Summ           0%         N/A       92%         3
 Sigil of Binding         Hex            0%         N/A       92%         3
 Dimensional Bullseye     Hex/Tloc       0%         N/A       100%        4
 Fulminant Prism          Conj/Alch      0%         3d5       100%        4
 Ignite Poison            Fire/Alch      0%         N/A       100%        4
 Olgreb's Toxic Radiance  Alch           0%         N/A       100%        4
 Alistair's Intoxication  Alch           0%         N/A       100%        5
 Borgnjor's Vile Clutch   Necr/Erth      0%         N/A       100%        5
 Freezing Cloud           Conj/Ice/Air   0%         6-21      100%        5
 Eringya's Noxious Bog    Alch           0%         4d6       100%        6
 Ozocubu's Refrigeration  Ice            0%         4d7       100%        7
 Summon Hydra             Summ           0%         N/A       100%        7
 Discord                  Hex            0%         N/A       100%        8


Dungeon Overview and Level Annotations

Branches:
Dungeon (10/15)            Temple (0/1) D:5            Lair (1/5) D:9
 Bailey (visited)
    Orc: D:9-12

Altars:
Ashenzari
Cheibriados
Dithmenos
Fedhas
Hepliaklqana
Nemelex Xobeh
Okawaru
Ru
Sif Muna
Xom
Yredelemnul
Zin
The Shining One

Shops:
D:6 [


Innate Abilities, Weirdness & Mutations

You are a hulking beast.
Your limbs bulge with bestial killing power. (Slay +3)
Your life essence is reduced to manifest your ancestor. (-10% HP)
You are too large for most types of armour.
You have claws for hands.
Your natural rate of healing is unusually fast.
You are covered in fur. (AC +1)
You have tough skin. (AC +1)


Message History

The yak attacks as it pursues you! You block the yak's attack.
The yak attacks as it pursues you! You block the yak's attack.
The yak attacks as it pursues you! You block the yak's attack.
The yak attacks as it pursues you! You block the yak's attack.
You claw the yak!
The yak is heavily wounded.
The yak gores you!
You claw the yak!
The yak is almost dead.
The yak gores you!
You barely miss the yak.
The yak is almost dead.
The yak gores you but does no damage.
You scratch the yak.
The yak is almost dead.
The yak gores you.
You claw the yak!
You kill the yak!
You claw the cane toad!
The cane toad is moderately wounded.
A yak comes into view.
You block the cane toad's attack.
The yak bellows!
You mangle the cane toad!!
The cane toad is severely wounded.
The cane toad stings you!
* * * LOW HITPOINT WARNING * * *
You barely miss the cane toad.
The cane toad is severely wounded.
You block the cane toad's attack. The yak gores you!
* * * LOW HITPOINT WARNING * * *
You claw the cane toad!
The cane toad is almost dead.
You block the cane toad's attack. The yak gores you!
* * * LOW HITPOINT WARNING * * *
You block the yak's attack.
A cane toad comes into view.
The cane toad attacks as it pursues you!
The cane toad barely misses you. The yak gores you!
You die...

#....# #........ #....#
##........ #....# #P....####
#....# ##....# #....# #######
##....# #....# ##.....#
#.....# #....# #P.....#
##....# #....# ###
#.....#####....##
#....###.#####.h....##.#.....#
#.............YYF...........##
#...........Y.#Y###.........#
#........F.....## #.......†.P#
#.............## #.........##
#....##.####### #..........P#
#..Y.#### ####.#.....## #....#
####....# #...Y# #....#


You could see 4 yaks and 2 cane toads.

Vanquished Creatures
  A two-headed ogre (D:8)
  A centaur warrior (D:10)
  An orc knight (Bailey)
  Maurice (D:7)
  A cyclops (D:9)
  A black mamba (Lair:1)
  A cane toad (Lair:1)
  3 komodo dragons
  2 trolls
  A hornet (D:7)
  Sigmund (D:3)
  A shadow (D:10)
  10 yaks
  A steam dragon (D:9)
  6 vampire mosquitoes
  4 water moccasins
  9 orc warriors
  2 sky beasts
  A black bear (D:9)
  An ice beast (D:6)
  A centaur (D:6)
  A phantom (D:6)
  A kobold brigand (D:10)
  3 bullfrogs
  2 scorpions (D:6)
  7 wights
  13 killer bees
  2 howler monkeys
  4 crimson imps (D:3)
  2 jellies
  2 orc priests (D:8)
  2 hounds
  5 iguanas
  A sleepcap (D:5)
  Natasha (thrice) (D:3 D:2)
  Terence (D:3)
  5 orc wizards
  A howler monkey zombie (D:9)
  7 gnolls
  3 adders
  2 shadow imps
  A white imp (D:5)
  4 ufetubi
  4 worms
  3 dart slugs
  45 orcs
  16 ball pythons
  3 bats
  6 endoplasms
  2 giant cockroaches
  6 goblins
  8 hobgoblins
  3 jackals (D:1)
  15 kobolds
  3 rats
236 creatures vanquished.

Vanquished Creatures (collateral kills)
  An elephant (D:9)
  A komodo dragon (D:9)
  2 yaks
  A vampire mosquito (D:9)
  An acid dragon (D:7)
  An orc warrior (D:9)
  A hornet zombie (D:9)
  A black bear (D:9)
  2 kobold brigands (D:8)
  A bullfrog (D:9)
  A wight (D:9)
  A killer bee (D:8)
  An orc priest (D:9)
  An iguana (D:6)
  An orc wizard (D:8)
  2 ufetubi (D:7)
  17 orcs
  2 goblins (D:7)
  9 kobolds
47 creatures vanquished.

Vanquished Creatures (others)
  4 battlemagi
  An ancestor (D:7)
5 creatures vanquished.

Grand Total: 288 creatures vanquished

Notes
Turn   | Place    | Note
-------+----------+-------------------------------------------
     0 | D:1      | Loonster the Troll Shapeshifter began the quest for the
                  | Orb.
     0 | D:1      | Reached XP level 1. HP: 18/18 MP: 0/0
   103 | D:1      | Reached XP level 2. HP: 23/26 MP: 1/1
   419 | D:1      | Reached XP level 3. HP: 32/32 MP: 2/2
   781 | D:2      | You fall into a shaft and drop 1 floor!
   789 | D:3      | Noticed Natasha
   798 | D:3      | Killed Natasha
   812 | D:3      | Reached XP level 4. HP: 40/40 MP: 3/3
   975 | D:3      | Found a shimmering altar of Xom.
   984 | D:3      | Noticed Sigmund
   994 | D:3      | Reached skill level 5 in Unarmed Combat
  1003 | D:3      | Noticed Natasha
  1011 | D:2      | Killed Natasha
  1012 | D:2      | Reached XP level 5. HP: 23/46 MP: 4/4
  1087 | D:2      | Noticed Natasha
  1097 | D:2      | Killed Natasha
  1162 | D:2      | Found a blossoming altar of Fedhas.
  1337 | D:3      | Killed Sigmund
  1338 | D:3      | Reached XP level 6. HP: 30/54 MP: 5/5
  1592 | D:3      | Noticed Terence
  1597 | D:3      | Killed Terence
  1598 | D:3      | Reached skill level 1 in Shields
  1687 | D:3      | Reached skill level 2 in Shields
  1702 | D:3      | Reached skill level 3 in Shields
  1702 | D:3      | Reached XP level 7. HP: 61/61 MP: 6/6
  1877 | D:4      | Found a hazy altar of Hepliaklqana.
  1920 | D:4      | Became a worshipper of Hepliaklqana the Forgotten
  2127 | D:4      | Identified the +1 leather armour of Vehumet, Bursting {MP+9
                  | Str+6}
  2358 | D:5      | Entered Level 5 of the Dungeon
  2486 | D:5      | Reached skill level 4 in Shields
  2508 | D:5      | Found a glowing silver altar of Zin.
  2659 | D:5      | Found a staircase to the Ecumenical Temple.
  3113 | D:6      | Reached skill level 5 in Shields
  3161 | D:6      | Reached skill level 6 in Shields
  3161 | D:6      | Reached XP level 8. HP: 59/68 MP: 7/7
  3202 | D:6      | Reached * piety under Hepliaklqana
  3425 | D:6      | Reached skill level 7 in Shields
  3432 | D:6      | Found a shimmering blue altar of Sif Muna.
  3479 | D:6      | Found Hiodatio's Antique Armour Boutique.
  3517 | D:6      | Found a snail-covered altar of Cheibriados.
  3730 | D:7      | Found a flagged portal.
  3742 | Bailey   | Entered a bailey
  3763 | Bailey   | Reached skill level 8 in Shields
  3873 | Bailey   | Reached skill level 9 in Shields
  3873 | Bailey   | Reached XP level 9. HP: 67/67 MP: 8/8
  4017 | Bailey   | Noticed an orc knight
  4032 | Bailey   | Killed an orc knight
  4121 | D:7      | Reached skill level 10 in Shields
  4293 | D:7      | Reached ** piety under Hepliaklqana
  4316 | D:7      | Found an iron altar of Okawaru.
  4329 | D:7      | Reached skill level 11 in Shields
  4399 | D:7      | Noticed Maurice
  4421 | D:7      | Something stole a beast talisman
  4425 | D:7      | Killed Maurice
  4426 | D:7      | Reached XP level 10. HP: 59/74 MP: 0/9
  4695 | D:8      | Remembered your ancestor Xiloxoch as a battlemage
  4737 | D:8      | Reached skill level 12 in Shields
  4844 | D:8      | Noticed a two-headed ogre
  4936 | D:9      | Noticed an elephant
  4947 | D:9      | Killed an elephant
  5070 | D:9      | Found a staircase to the Lair.
  5172 | D:9      | Reached skill level 10 in Unarmed Combat
  5256 | D:9      | Reached *** piety under Hepliaklqana
  5449 | D:9      | Noticed a cyclops
  5457 | D:9      | Killed a cyclops
  5499 | D:9      | Found a basalt altar of Yredelemnul.
  5610 | D:9      | Reached XP level 11. HP: 79/80 MP: 10/10
  5681 | D:10     | Entered Level 10 of the Dungeon
  5711 | D:10     | Reached skill level 1 in Throwing
  5826 | D:10     | Reached skill level 5 in Shapeshifting
  5884 | D:10     | Found the +8 orange crystal plate armour {Archmagi, Int+3
                  | Clar}
  6023 | D:10     | Noticed a centaur warrior
  6043 | D:10     | Killed a centaur warrior
  6517 | D:8      | Found a sacrificial altar of Ru.
  6554 | D:8      | Found a broken altar of Ashenzari.
  6584 | D:8      | Killed a two-headed ogre
  6585 | D:8      | Reached skill level 1 in Fighting
  6609 | D:8      | Found a shadowy altar of Dithmenos.
  6609 | D:8      | Found a blossoming altar of Fedhas.
  6613 | D:8      | Found a glowing golden altar of the Shining One.
  6696 | D:8      | Found a sparkling altar of Nemelex Xobeh.
  6862 | Lair:1   | Entered Level 1 of the Lair of Beasts
  7059 | Lair:1   | HP: 4/84 [yak (13)]
  7061 | Lair:1   | Slain by a yak

Illustrated notes

Levels and vault maps discovered:
D:1:      roderic_octagonal_star, layout_loops_ring
D:2:      layout_rooms, basic_altar
D:3:      minmay_diamond_boxcup, layout_rooms, led_xom_imps, uniq_terence,
          uniq_natasha, uniq_sigmund
D:4:      layout_loops_ring, mainiacjoe_overflow_tiny_flanked, serial_demonic,
          serial_demonic_b, serial_demonic_g, serial_demonic_c, serial_demonic_g
D:5:      layout_gridville, mainiacjoe_overflow_cross_hatched,
          minmay_temple_entry_water_ring
D:6:      layout_cave_pools, old_standard_altar, mainiacjoe_overflow_24_doors,
          serial_shops, nicolae_shop_overgrown_old_shop,
          eino_small_chamber_without_monster, minmay_increasing_density
D:7:      layout_basic, overflow_temple_1_default, enter_bailey_4, st_stairs_5,
          serial_park_tiny_1, uniq_maurice
D:8:      layout_cave_pools, lemuel_coloured_pillars_altar,
          grunt_temple_overflow_open, nicolae_ru_path_of_blood, special_room
          [special_room_orc], minmay_unpleasant_kobolds
D:9:      layout_irregular_city, lemuel_zombie_altar_yredelemnul,
          grunt_lair_entry_orc_guard_hut
D:10:     layout_basic, hangedman_abyss_or_decor_clamps
Lair:1:   layout_cellular_growth, beast_lair_carwin_4

Skill      XL: |  1  2  3  4  5  6  7  8  9 10 11 |
---------------+----------------------------------+-----
Unarmed Combat | 4 5 6 10 11 | 11.4
Shields        | 3 6 9 11 12 | 12.0
Shapeshifting  | 4 6 |  6.2
Throwing       | 3 |  3.9
Fighting       | 2 |  2.5
Dodging        | |  1.5

Action                     |  1- 3 |  4- 6 |  7- 9 | 10-12 || total
---------------------------+-------+-------+-------+-------++-------
  Melee: Unarmed           |    58 |    79 |   288 |   281 ||   706
 Invoke: Ancestor Life: Ba |       |       |       |     1 ||     1
  Evoke: Wand              |       |       |     1 |       ||     1
    Use: Scroll            |       |       |     2 |       ||     2
   Stab: Sleeping          |     1 |     1 |       |       ||     2
         Distracted        |       |       |     1 |     3 ||     4
 Armour: Animal skin       |    33 |    47 |   209 |   220 ||   509
  Dodge: Dodged            |    19 |    25 |    93 |   104 ||   241
  Block: Kite shield       |       |     6 |   169 |   179 ||   354

Table legend: (Time is in decaauts)
 A = Elapsed time spent in this place.
 B = Non-inter-level travel time spent in this place.
 C = Inter-level travel time spent in this place.
 D = Time resting spent in this place.
 E = Time spent auto-exploring this place.
 F = Levels seen in this place.
 G = Mean time per level.
                   A        B        C        D        E       F      G
               +--------+--------+--------+--------+--------+-----+--------+
         Total |   7011 |   6697 |    314 |     17 |   5084 |  12 |  584.2 |
       Dungeon |   6492 |   6179 |    313 |      8 |   4873 |  10 |  649.2 |
          Lair |    194 |    194 |      0 |      0 |    130 |   1 |  194.0 |
        Bailey |    324 |    324 |      0 |      9 |     81 |   1 |  324.0 |
               +--------+--------+--------+--------+--------+-----+--------+

Top non-repeatable levels by time:
     D:9: 771 daAuts
     D:1: 759 daAuts
     D:5: 740 daAuts
     D:8: 694 daAuts
    D:10: 668 daAuts
     D:7: 666 daAuts
     D:4: 650 daAuts
     D:3: 606 daAuts
     D:6: 603 daAuts
     D:2: 330 daAuts
  Bailey: 324 daAuts
  Lair:1: 194 daAuts
